 Dungeon Crawl Stone Soup version 0.30.0 (webtiles) character file.

Game seed: 3425144221617110299

13942 DocterCrane the Protected (level 11, -6/99 HPs)
             Began as a Minotaur Berserker on Oct 3, 2023.
             Was an Elder of Trog.
             Mangled by a slime creature (9 damage)
             ... on level 13 of the Dungeon on Nov 15, 2023.
             The game lasted 02:50:33 (13564 turns).

DocterCrane the Protected (Minotaur Berserker)     Turns: 13564, Time: 02:50:34

Health: -6/99      AC: 19    Str: 32    XL:     11   Next: 82%
Magic:  10/10      EV: 11    Int:  4    God:    Trog [****..]
Gold:   647        SH: 10    Dex: 16    Spells: 10/10 levels left

rFire   . . .        P - +2 spear (freeze)
rCold   . . .        O - +0 kite shield
rNeg    . . .        Q - +0 plate armour
rPois   .            (helmet restricted)
rElec   .            (no cloak)
rCorr   .            D - +2 pair of gloves
SInv    .            (no boots)
Will    .....        (no amulet) Stlth
                     Z - +6 ring of dexterity
HPRegen 0.36/turn    Y - +6 ring of strength
MPRegen 0.12/turn

%: no passive effects
@: no status effects
A: horns 2, retaliatory headbutt
a: Renounce Religion, Berserk, Trog's Hand, Brothers in Arms


You were on level 13 of the Dungeon.
You worshipped Trog.
Trog was greatly pleased with you.
You visited 4 branches of the dungeon, and saw 16 of its levels.
You also visited: Bailey and Ice Cave.

You collected 707 gold pieces.
You spent 60 gold pieces at shops.

Inventory:

Hand Weapons
 C - a +0 war axe of freezing
 L - a +4 morningstar
 M - a +2 flail of freezing
 P - a +2 spear of freezing (weapon)
 T - a +2 mace of protection
Armour
 D - a +2 pair of gloves (worn)
 O - a +0 kite shield (worn)
 Q - a +0 plate armour (worn)
 S - +0 acid dragon scales
Jewellery
 j - a ring of flight
 l - a ring of positive energy
 z - a +6 ring of strength
 B - a ring of willpower
 G - a +5 ring of evasion
 J - a ring of protection from fire
 X - a ring of fire
 Y - a +6 ring of strength (right hand)
 Z - a +6 ring of dexterity (left hand)
Wands
 r - a wand of paralysis (8)
 y - a wand of light (3)
 W - a wand of polymorph (4)
Scrolls
 b - 2 scrolls of enchant armour {unknown}
 e - 4 scrolls of enchant weapon {unknown}
 f - 15 scrolls of identify {unknown}
 h - 2 scrolls of blinking {unknown}
 k - 4 scrolls of poison {unknown}
 m - a scroll of brand weapon {unknown}
 n - 3 scrolls of teleportation {unknown}
 p - 3 scrolls of torment {unknown}
 s - 2 scrolls of fog {unknown}
 t - 2 scrolls of amnesia {unknown}
 v - a scroll of magic mapping {unknown}
 x - a scroll of noise {unknown}
 A - a scroll of vulnerability {unknown}
 H - 2 scrolls of fear {unknown}
 R - a scroll of butterflies {unknown}
 U - 2 scrolls of silence {unknown}
Potions
 c - a potion of ambrosia
 d - 6 potions of curing {unknown}
 g - a potion of berserk rage {unknown}
 i - 4 potions of brilliance {unknown}
 o - 2 potions of mutation {unknown}
 q - 2 potions of flight {unknown}
 u - 2 potions of resistance {unknown}
 E - 3 potions of might {unknown}
 I - 2 potions of experience {unknown}
 V - a potion of degeneration {unknown}


   Skills:
 * Level 10.0 Fighting
 + Level 6.0(9.0) Axes
 + Level 5.9(7.2) Maces & Flails
 + Level 8.3(9.2) Polearms
 * Level 13.7 Armour
 * Level 7.7 Dodging
 + Level 1.0 Stealth
 + Level 5.6 Shields
 * Level 3.8 Evocations


You had 10 spell levels left.
You didn't know any spells.
Your spell library contained the following spells:

 Spells                   Type           Power      Damage    Failure   Level
 Apportation              Tloc           0%         N/A       99%         1
 Blink                    Tloc           0%         N/A       100%        2
 Lesser Beckoning         Tloc           0%         N/A       100%        2
 Momentum Strike          Conj/Tloc      0%         3d8       100%        2
 Poisonous Vapours        Pois/Air       0%         N/A       100%        2
 Call Canine Familiar     Summ           0%         N/A       100%        3
 Dazzling Flash           Conj/Hex       0%         N/A       100%        3
 Gell's Gravitas          Tloc           0%         N/A       100%        3
 Mephitic Cloud           Conj/Pois/Air  0%         N/A       100%        3
 Ozocubu's Armour         Ice            0%         N/A       100%        3
 Portal Projectile        Hex/Tloc       0%         N/A       100%        3
 Teleport Other           Tloc           0%         N/A       100%        3
 Animate Dead             Necr           0%         N/A       100%        4
 Leda's Liquefaction      Hex/Erth       0%         N/A       100%        4
 Manifold Assault         Tloc           0%         N/A       100%        4
 Agony                    Necr           0%         N/A       100%        5
 Alistair's Intoxication  Tmut/Pois      0%         N/A       100%        5
 Freezing Cloud           Conj/Ice/Air   0%         6-21      100%        5
 Iskenderun's Battlesphe  Conj           0%         2d6       100%        5
 Metabolic Englaciation   Hex/Ice        0%         N/A       100%        5
 Silence                  Hex/Air        0%         N/A       100%        5
 Conjure Ball Lightning   Conj/Air       0%         3x3d6     100%        6
 Dispersal                Tloc           0%         N/A       100%        6
 Iron Shot                Conj/Erth      0%         9d1       100%        6
 Simulacrum               Ice/Necr       0%         N/A       100%        6
 Haunt                    Necr/Summ      0%         N/A       100%        7
 Ozocubu's Refrigeration  Ice            0%         4d7       100%        7
 Spellforged Servitor     Conj/Summ      0%         N/A       100%        7
 Discord                  Hex            0%         N/A       100%        8
 Disjunction              Tloc           0%         N/A       100%        8
 Infestation              Necr           0%         N/A       100%        8


Dungeon Overview and Level Annotations

Branches:
Dungeon (13/15)            Temple (1/1) D:6            Lair (1/5) D:11
    Orc (1/2) D:11         Bailey (visited)           IceCv (visited)
 Vaults: D:13-14

Altars:
Ashenzari
Cheibriados
Dithmenos
Elyvilon
Fedhas
Gozag
Hepliaklqana
Kikubaaqudgha
Makhleb
Nemelex Xobeh
Okawaru
Qazlal
Ru
Sif Muna
Trog
Uskayaw
Vehumet
Wu Jian
Xom
Yredelemnul
Zin
The Shining One

Shops:
D:1 ::(!   D:3 [   D:6 (   D:7 !   D:11 [


Innate Abilities, Weirdness & Mutations

You have a pair of horns on your head.
You reflexively headbutt those who attack you in melee.


Message History

You headbutt the slime creature!
The slime creature is heavily wounded.
The slime creature barely misses you. You furiously retaliate!
You headbutt the slime creature, but do no damage.
You block the large slime creature's attack.
Something hits you but does no damage.
You hit the slime creature. You freeze the slime creature.
The slime creature is heavily wounded.
Something hits you! You block something's attack.
You block the slime creature's attack. The large slime creature hits you!
You hit the slime creature. You freeze the slime creature.
You headbutt the slime creature!
The slime creature is severely wounded.
You block something's attack. You block the slime creature's attack.
The large slime creature hits you.
You puncture the slime creature! You freeze the slime creature.
The slime creature is almost dead.
Something hits you.
You hit the slime creature. You freeze the slime creature.
The slime creature is almost dead.
Something hits you but does no damage. The slime creature hits you.
The large slime creature hits you!!
* * * LOW HITPOINT WARNING * * *
You puncture the slime creature! You freeze the slime creature.
You kill the slime creature!
Trog accepts your kill. Something hits you but does no damage.
A large slime creature splits.
You hit the slime creature. You freeze the slime creature.
You headbutt the slime creature.
The slime creature is lightly wounded.
You block something's attack.
The slime creature hits you but does no damage.
You puncture the slime creature! You freeze the slime creature!
The slime creature is heavily wounded.
Something hits you but does no damage. The slime creature hits you.
* * * LOW HITPOINT WARNING * * *
You hit the slime creature. You freeze the slime creature.
The slime creature is severely wounded.
The slime creature hits you!
You die...

#.# #.# #.. ..
#$.# #.# #... ..
#...#+#.# ...#..#
# #.#..# #
#.#J@..# ###
#..J#..# ###..
#...##...##
####...# .##
###..##
###....###
###...####....###
# #......#....###
# #..........###
# .........<.## #
............#


You could see 2 slime creatures.

Vanquished Creatures
  Harold (D:11)
  3 two-headed ogres
  2 manticores
  An orc sorcerer (Orc:1)
  A cyclops (D:11)
  A kobold demonologist (D:11)
  A komodo dragon (D:11)
  2 ice devils (D:12)
  3 trolls
  3 slime creatures (D:13)
  3 wraiths
  Sigmund (D:6)
  A wyvern (D:9)
  10 yaks
  3 vampire mosquitoes (D:9)
  2 wargs (Orc:1)
  A water moccasin (D:9)
  An acid dragon (D:10)
  5 ice beasts
  6 orc warriors
  3 sky beasts
  2 ogres
  2 black bears
  5 centaurs
  2 phantoms
  3 kobold brigands
  A bullfrog (D:7)
  2 gnoll sergeants
  A scorpion (D:7)
  5 wights (D:7)
  10 killer bees
  3 howler monkeys
  A lava snake (D:9)
  5 hounds
  5 orc priests
  A gnoll bouda (D:6)
  4 jellies
  Jessica (D:3)
  3 iguanas
  13 orc wizards
  A sleepcap (D:5)
  6 adders
  24 gnolls
  3 white imps
  An ufetubus (D:6)
  3 worms
  4 dart slugs
  49 orcs
  3 bats
  A bat skeleton (D:2)
  8 endoplasms
  5 giant cockroaches
  16 goblins
  8 hobgoblins
  4 jackals (D:1)
  20 kobolds
  2 quokkas
  4 ball pythons
  A ball python zombie (D:2)
  3 frilled lizards
  A quokka skeleton (D:2)
  5 rats
295 creatures vanquished.

Vanquished Creatures (others)
  4 plants (D:11)
  5 withered plants (D:2)
9 creatures vanquished.

Grand Total: 304 creatures vanquished

Notes
Turn   | Place    | Note
-------+----------+-------------------------------------------
     0 | D:1      | DocterCrane the Minotaur Berserker began the quest for the
                  | Orb.
     0 | D:1      | Reached XP level 1. HP: 19/19 MP: 0/0
   116 | D:1      | Found Jusiyfi's Book Boutique.
   165 | D:1      | Reached XP level 2. HP: 24/27 MP: 1/1
   298 | D:1      | Found Joineid's Distillery.
   301 | D:1      | Found Xicit's Antique Weapon Boutique.
   441 | D:1      | Reached XP level 3. HP: 31/33 MP: 2/2
   598 | D:1      | Found Yneuriygh's Book Boutique.
   618 | D:2      | Found a faded altar of an unknown god.
   786 | D:2      | Reached ** piety under Trog
   898 | D:2      | Reached XP level 4. HP: 19/41 MP: 3/3
  2159 | D:3      | Found Acwyer's Armour Boutique.
  2182 | D:3      | Reached skill level 3 in Armour
  2186 | D:3      | Reached skill level 5 in Fighting
  2402 | D:3      | Noticed Jessica
  2418 | D:3      | Killed Jessica
  2419 | D:3      | Reached XP level 5. HP: 29/48 MP: 4/4
  3293 | D:3      | Reached skill level 5 in Maces & Flails
  3347 | D:4      | Found a shimmering blue altar of Sif Muna.
  3424 | D:4      | Noticed a sky beast
  3435 | D:4      | Killed a sky beast
  3436 | D:4      | Reached XP level 6. HP: 42/56 MP: 5/5
  3446 | D:4      | Found a burning altar of Makhleb.
  3659 | D:4      | Reached skill level 4 in Armour
  3895 | D:4      | Reached skill level 1 in Polearms
  4103 | D:4      | Found a broken altar of Ashenzari.
  4688 | D:4      | Found an iron altar of Okawaru.
  5207 | D:5      | Entered Level 5 of the Dungeon
  5249 | D:5      | Reached XP level 7. HP: 63/63 MP: 6/6
  5564 | D:5      | Reached skill level 5 in Armour
  5895 | D:5      | Found a bloodstained altar of Trog.
  6082 | D:6      | Reached skill level 6 in Armour
  6163 | D:6      | Reached XP level 8. HP: 70/70 MP: 7/7
  6206 | D:6      | Reached skill level 7 in Armour
  6212 | D:6      | Reached skill level 1 in Axes
  6267 | D:6      | Reached *** piety under Trog
  6317 | D:6      | Found Deifec Waxza's Antique Weapon Emporium.
  6429 | D:6      | Reached skill level 5 in Dodging
  6764 | D:6      | Found an ornate altar of the Wu Jian Council.
  6770 | D:6      | Found a hazy altar of Hepliaklqana.
  6774 | D:6      | Found a shimmering altar of Xom.
  6842 | D:6      | Noticed Sigmund
  6856 | D:6      | Killed Sigmund
  6857 | D:6      | Reached skill level 8 in Armour
  6865 | D:6      | Found a staircase to the Ecumenical Temple.
  6871 | Temple   | Entered the Ecumenical Temple
  7344 | D:7      | Found a glowing golden altar of the Shining One.
  7375 | D:7      | Reached XP level 9. HP: 63/76 MP: 8/8
  7376 | D:7      | Reached skill level 5 in Polearms
  7382 | D:7      | Reached skill level 9 in Armour
  7402 | D:7      | Found Vafempui's Distillery.
  7414 | D:7      | Bought a potion of heal wounds for 60 gold pieces
  7619 | D:7      | Found a flagged portal.
  7633 | D:7      | Reached **** piety under Trog
  7661 | Bailey   | Entered a bailey
  8254 | D:7      | Reached skill level 10 in Armour
  8389 | D:7      | Noticed a manticore
  8406 | D:7      | Killed a manticore
  9730 | D:9      | Reached XP level 10. HP: 41/88 MP: 9/9
  9748 | D:9      | Reached skill level 11 in Armour
  9845 | D:9      | Reached skill level 1 in Shields
 10060 | D:9      | Noticed a two-headed ogre
 10069 | D:9      | Killed a two-headed ogre
 10086 | D:9      | Found an opulent altar of Gozag.
 10249 | D:9      | Found a sacrificial altar of Ru.
 10271 | D:9      | Found a stormy altar of Qazlal.
 10536 | D:9      | Found a hide-covered altar of Uskayaw.
 10652 | D:10     | Entered Level 10 of the Dungeon
 10755 | D:10     | Reached skill level 12 in Armour
 11115 | D:10     | Reached skill level 1 in Evocations
 11289 | D:10     | Found a snail-covered altar of Cheibriados.
 11586 | D:11     | Found Gaahel's Armour Shoppe.
 11595 | D:11     | Reached ***** piety under Trog
 11622 | D:11     | Found a staircase to the Orcish Mines.
 11634 | D:11     | Noticed a manticore
 11650 | D:11     | Killed a manticore
 11651 | D:11     | Reached XP level 11. HP: 90/97 MP: 10/10
 11711 | D:11     | Found a staircase to the Lair.
 11804 | Lair:1   | Entered Level 1 of the Lair of Beasts
 11830 | D:11     | Reached skill level 1 in Stealth
 11839 | Orc:1    | Entered Level 1 of the Orcish Mines
 11839 | Orc:1    | Noticed an orc knight
 11839 | Orc:1    | Noticed an orc sorcerer
 11854 | Orc:1    | Killed an orc sorcerer
 11858 | Orc:1    | Received a gift from Trog
 12008 | D:11     | Noticed a two-headed ogre
 12022 | D:11     | Killed a two-headed ogre
 12023 | D:11     | Reached skill level 5 in Shields
 12435 | D:11     | Noticed a two-headed ogre
 12446 | D:11     | Reached skill level 5 in Axes
 12446 | D:11     | Reached skill level 13 in Armour
 12450 | D:11     | Killed a two-headed ogre
 12625 | D:11     | Noticed Harold
 12643 | D:11     | Killed Harold
 13069 | D:12     | Found a frozen archway.
 13094 | IceCv    | Entered an ice cave
 13554 | D:13     | Reached skill level 10 in Fighting
 13563 | D:13     | HP: 3/99 [slime creature (5)]
 13564 | D:13     | Mangled by a slime creature

Illustrated notes

Levels and vault maps discovered:
D:1:      psy_arrival_whirlpool, layout_basic, serial_shops, shop, shop,
          nicolae_shop_window_shopping, nicolae_shop_advertising_works
          [nicolae_subvault_shop_adworks], dk_noncrumbling_4
D:2:      layout_loops_ring, basic_ecumenical_altar, serial_undead,
          serial_undead_b, serial_undead_a, serial_undead_f, serial_undead_e,
          serial_undead_d, dk_vineyard_1
D:3:      layout_loops_ring, serial_shops, shop, uniq_jessica
D:4:      layout_layer_cave, led_sif_book, marbit_many_paths,
          lightli_temple_of_fire, mainiacjoe_overflow_24_doors, minivault_23
D:5:      layout_basic, mainiacjoe_overflow_alcove_2, nicolae_eternal_life,
          kennysheep_decorative_pillar
D:6:      layout_cave_pools, minitemple, minmay_temple_entry_enclosed_plants,
          serial_shops, shop, uniq_sigmund
D:7:      layout_layer_cave, tso_metal_star, serial_shops, shop,
          lightli_bailey_entry_fortress
D:8:      layout_basic
D:9:      layout_gridville, nicolae_uskayaw_suspiria,
          mainiacjoe_overflow_chevrons, nicolae_ru_path_of_blood,
          mainiacjoe_overflow_small_starburst, nicolae_wwwww
D:10:     layout_roguey, chei_slow_surprise
D:11:     layout_rooms, david_lair_shrubbed, orc_david_3,
          gauntlet_entry_generic, uniq_harold
D:12:     layout_cave_pools, portal_ice_cave_demonic_guard, st_stairs_2
D:13:     minmay_the_grid_four_pointed_star
          [minmay_the_grid_triangle_9x9_pentomino_pain,
          minmay_the_grid_triangle_9x9_tough_junction,
          minmay_the_grid_triangle_9x9_sparse_checkered,
          minmay_the_grid_triangle_9x9_fully_insulated_deathbox,
          minmay_the_grid_prize_big_room], layout_cave_pods,
          lightli_vaults_fourway_checkpoint, serial_shops, kennysheep_mini,
          uniq_jorgrun
Temple:   hellmonk_temple_flake
Lair:1:   layout_loops_ring, grunt_forest_small_clearing_treed,
          lemuel_fruit_fields, infiniplex_staircase_pool_2, grunt_megastairs_4
Orc:1:    layout_caves, serial_shops, shop, minmay_orc_barracks

Skill      XL: |  1  2  3  4  5  6  7  8  9 10 11 |
---------------+----------------------------------+-----
Maces & Flails | 4 5 |  5.9
Fighting       | 4 5 6 7 8 9 10 | 10.0
Dodging        | 3 4 5 6 7 |  7.7
Armour         | 3 4 6 8 10 12 13 | 13.7
Polearms       | 1 3 4 6 7 8 |  8.3
Axes           | 1 4 6 |  6.0
Shields        | 4 5 |  5.6
Evocations     | 2 3 |  3.8
Stealth        | 1 |  1.0

Action                     |  1- 3 |  4- 6 |  7- 9 | 10-12 || total
---------------------------+-------+-------+-------+-------++-------
  Melee: Mace              |    74 |    78 |       |     5 ||   157
         Headbutt          |    13 |    22 |    62 |    85 ||   182
         Punch             |       |     3 |     4 |       ||     7
         Spear             |       |   105 |   290 |   389 ||   784
         War axe           |       |       |    44 |    25 ||    69
 Invoke: Berserk           |     1 |     3 |     5 |     8 ||    17
         Trog's Hand       |     1 |     1 |     3 |     3 ||     8
    Use: Potion            |       |       |     3 |     3 ||     6
 Armour: Animal skin       |    11 |     1 |       |       ||    12
         Scale mail        |       |    69 |     3 |       ||    72
         Chain mail        |       |       |   108 |       ||   108
         Plate armour      |       |       |    25 |   310 ||   335
  Dodge: Dodged            |    51 |    87 |   287 |   220 ||   645
  Block: Kite shield       |       |       |    27 |   195 ||   222
